 Dungeon Crawl Stone Soup version 0.19-a0-585-ge40200b (webtiles) character file.

77 Delvonshi the Conjurer (level 4, -6/24 HPs)
             Began as a Kobold Conjurer on June 9, 2016.
             Killed from afar by Natasha (10 damage)
             ... with a magic dart
             ... on level 2 of the Dungeon.
             The game lasted 00:03:46 (1121 turns).

Delvonshi the Conjurer (Kobold Conjurer)            Turns: 1121, Time: 00:03:47

Health: -6/24      AC:  2    Str:  6    XL:     4   Next: 60%
Magic:  0/7        EV: 20    Int: 13    God:
Gold:   22         SH:  0    Dex: 17    Spells: 1 memorised, 6 levels left

rFire  . . .     SeeInvis .     f - +0 dagger
rCold  . . .     Gourm    .     a - +0 robe
rNeg   . . .     Faith    .     (shield restricted)
rPois  .         Spirit   .     (no helmet)
rElec  .         Dismiss  .     (no cloak)
rCorr  .         Reflect  .     (no gloves)
SustAt .         Harm     .     (no boots)
MR     .....                    (no amulet)
Stlth  +++.......               (no ring)
                                e - +4 ring of evasion

@: not resistant to hostile enchantments, fairly stealthy
A: carnivore 3
a: no special abilities


You were on level 2 of the Dungeon.
You were not hungry.

You visited 1 branch of the dungeon, and saw 2 of its levels.

You collected 22 gold pieces.

Inventory:

Hand Weapons
 f - a +0 dagger (weapon)
Armour
 a - a +0 robe (worn)
Jewellery
 e - a +4 ring of evasion (left hand)
Scrolls
 d - a scroll of remove curse {unknown}
 g - 2 scrolls of enchant armour {unknown}
 h - a scroll of teleportation {unknown}
Books
 b - a book of Conjurations

   Spells                             Type                      Level
   a - Magic Dart                     Conjuration                  1
   b - Searing Ray                    Conjuration                  2
   c - Dazzling Spray                 Conjuration/Hexes            3
   d - Fulminant Prism                Conjuration/Hexes            4
   e - Iskenderun's Mystic Blast      Conjuration                  4
   f - Iskenderun's Battlesphere      Conjuration/Charms           5
Comestibles
 c - 2 meat rations


   Skills:
 + Level 3.4 Dodging
 + Level 4.2 Stealth
 - Level 2.0 Spellcasting
 + Level 4.3 Conjurations


You had 6 spell levels left.
You knew the following spells:

 Your Spells              Type           Power        Failure   Level  Hunger
a - Magic Dart            Conj           ##..         6%          1    ##.....


Dungeon Overview and Level Annotations

Branches:
Dungeon (2/15)

Altars:

Annotations:
D:2 Natasha


Innate Abilities, Weirdness & Mutations

You are small and have problems with some larger weapons.
You are carnivorous and can eat meat at any time.


Message History

Natasha is severely wounded.
Natasha claws you!
* * * LOW HITPOINT WARNING * * *
Casting: Magic Dart
Confirm with . or Enter, or press ? or * to list all spells.
Aiming: Magic Dart
Press: ? - help, Shift-Dir - straight line, f/p - Natasha
Aim: Natasha (severely wounded)
The magic dart hits Natasha.
Natasha is severely wounded.
Natasha closely misses you.
Casting: Magic Dart
Confirm with . or Enter, or press ? or * to list all spells.
You don't have enough magic to cast that spell.
Unknown command.
You hit Natasha but do no damage.
Natasha is severely wounded.
Natasha casts a spell at you. The magic dart hits you!
You die...

#.......##.# #...#
.#.##.####.# #...# #.#
#.# #...# ##.####.#
#...# ........###...#
##.####.......#
#.#####.# #.###...#####
........####..........).
#@h5......#..##.##
#.####..#.#..##.#.
####...............#.
#.......##..##..####.
#.##..#.##......####)
#.##.....##.##.......
#.###.#..##.......##.
#.###.#..##.รท.....##.
#.................###


You could see Natasha and a white imp.

Vanquished Creatures
  Natasha (twice) (D:2)
  An adder (D:2)
  A dart slug (D:2)
  A giant gecko (D:2)
  2 bats
  2 giant cockroaches
  4 hobgoblins
  2 jackals (D:2)
  2 giant newts
  2 kobolds
19 creatures vanquished.

Notes
Turn   | Place    | Note
--------------------------------------------------------------
     0 | D:1      | Delvonshi the Kobold Conjurer began the quest for the Orb.
     0 | D:1      | Reached XP level 1. HP: 10/10 MP: 3/3
   439 | D:2      | Reached XP level 2. HP: 6/15 MP: 3/5
   677 | D:2      | Reached XP level 3. HP: 5/19 MP: 1/6
   918 | D:2      | Noticed Natasha
   921 | D:2      | Killed Natasha
   938 | D:2      | Reached XP level 4. HP: 24/24 MP: 7/7
  1076 | D:2      | Noticed Natasha
  1080 | D:2      | Killed Natasha
  1107 | D:2      | Noticed Natasha
  1121 | D:2      | Killed from afar by Natasha

Vault maps used:
D:1:      sevenhm_arrival_forest_fort_small_2, hangedman_abyss_or_decor_stabs
D:2:      lemuel_crystal_altar, grunt_pakellas_basics, uniq_natasha

Skill      XL: |  1  2  3  4 |
---------------+-------------+-----
Stealth        | 3 4 |  4.2
Dodging        | 3 |  3.4
Conjurations   | 4 |  4.3
Spellcasting   | |  2.0

Action                   |  1- 3 |  4- 6 || total
-------------------------+-------+-------++-------
Melee: Unarmed           |    18 |       ||    18
       Dagger            |    32 |    11 ||    43
 Cast: Magic Dart        |    21 |    13 ||    34
  Use: Potion            |     1 |       ||     1
 Stab: Sleeping          |     2 |     2 ||     4
  Eat: Chunk             |     4 |     2 ||     6
Armor: Robe              |    15 |     1 ||    16
Dodge: Dodged            |    67 |    10 ||    77
